 Dungeon Crawl Stone Soup version 0.28.0-43-g3370ac3207 (webtiles) character file.

Game seed: 1084962810400086279

693 demenzo the Cleaver (level 7, -1/63 HPs)
             Began as a Hill Orc Cinder Acolyte on Mar 16, 2022.
             Was an Elder of Ignis.
             Slain by an ogre
             ... wielding a +0 giant spiked club
              (17 damage)
             ... on level 5 of the Dungeon.
             The game lasted 00:07:05 (4194 turns).

demenzo the Cleaver (Hill Orc Cinder Acolyte)       Turns: 4194, Time: 00:07:05

Health: -1/63      AC: 20    Str: 19    XL:     7   Next: 64%
Magic:  8/8        EV:  7    Int: 14    God:    Ignis [****..]
Gold:   238        SH:  0    Dex:  6    Spells: 8/8 levels left

rFire   + . .      SeeInvis .   b - +2 hand axe (elec)
rCold   . . .      Faith    .   (no shield)
rNeg    . . .      Spirit   .   y - +0 chain mail
rPois   .          Reflect  .   r - +0 helmet
rElec   .          Harm     .   m - +1 cloak
rCorr   .          Rampage  .   k - +0 pair of gloves
Will    .....                   (no boots)
Stlth   ..........              z - amulet of regeneration
HPRegen 1.00/turn               (no ring)
MPRegen 0.11/turn               (no ring)

@: fiery-armoured
A: no striking features
a: Renounce Religion, Fiery Armour, Foxfire Swarm, Rising Flame


You were on level 5 of the Dungeon.
You worshipped Ignis.
Ignis was greatly pleased with you.
You visited 1 branch of the dungeon, and saw 5 of its levels.

You collected 238 gold pieces.

Inventory:

Hand Weapons
 a - a -1 hand axe of flaming
 b - a +2 hand axe of electrocution (weapon)
Missiles
 j - 78 stones (quivered)
 s - 2 atropa-tipped darts
 t - 22 arrows
 u - 31 bolts
 A - 9 poisoned darts
Armour
 h - a +0 leather armour
 k - a +0 pair of gloves (worn)
 m - a +1 cloak (worn)
 r - a +0 helmet (worn)
 w - a +0 scale mail
 y - a +0 chain mail (worn)
Magical Staves
 o - a staff of earth
 q - a staff of cold
Jewellery
 z - an amulet of regeneration (around neck)
Wands
 B - a wand of iceblast (9)
 C - a wand of charming (11)
Scrolls
 c - 2 scrolls of magic mapping {unknown}
 e - 2 scrolls of amnesia {unknown}
 f - a scroll of enchant weapon {unknown}
 v - 3 scrolls of identify {unknown}
 x - 2 scrolls of brand weapon {unknown}
Potions
 d - 5 potions of curing {unknown}
 g - 2 potions of brilliance {unknown}
 i - a potion of heal wounds {unknown}
 l - 2 potions of mutation {unknown}
 n - a potion of flight {unknown}
 p - a potion of degeneration {unknown}


   Skills:
 + Level 6.1 Fighting
 * Level 8.7 Axes
 + Level 3.9 Armour
 - Level 1.0 Spellcasting
 - Level 3.2 Fire Magic


You had 8 spell levels left.
You didn't know any spells.
Your spell library contained the following spells:

 Spells                   Type           Power      Damage    Failure   Level
 Scorch                   Fire           18%        2d6       75%         2


Dungeon Overview and Level Annotations

Branches:
Dungeon (5/15)
 Temple: D:4-7

Altars:
Fedhas
Gozag
Xom
Yredelemnul

Annotations:
D:2 1 runed translucent door, Crazy Yiuf
D:4 3 runed translucent doors, ChongLi's ghost, amateur DrCj
D:5 Blork the orc; Eustachio


Message History

Blork the orc looks satisfied for a moment.
Eustachio hits you but does no damage.
Eustachio is burned by your cloak of flames.
Eustachio is heavily wounded.
You hit Eustachio but do no damage.
Eustachio is heavily wounded.
Eustachio closely misses you.
You hit Eustachio but do no damage.
Eustachio is heavily wounded.
Eustachio hits you with a +0 falchion!
* * * LOW HITPOINT WARNING * * *
Eustachio is burned by your cloak of flames.
Eustachio is severely wounded.
You closely miss Eustachio.
Eustachio is severely wounded.
Eustachio hits you with a +0 falchion.
* * * LOW HITPOINT WARNING * * *
Eustachio is burned by your cloak of flames.
Eustachio is severely wounded.
You closely miss Eustachio.
Eustachio is severely wounded.
Eustachio barely misses you.
You hit Eustachio.
Eustachio is almost dead.
Eustachio hits you with a +0 falchion.
* * * LOW HITPOINT WARNING * * *
Eustachio is burned by your cloak of flames.
Eustachio is almost dead.
You barely miss Eustachio.
Eustachio is almost dead.
Eustachio calls on the powers of shadow!
Eustachio casts a spell.
Eustachio blinks!
Aiming: Charm
Press: ? - help, Shift-Dir - straight line, f - Blork the orc
Aim: Blork the orc, wielding a +0 scimitar and wearing a +0 robe (fast, chance to affect: 49%) Blork the orc resists with some effort.
The jelly quivers.
The ogre hits you with a +0 giant spiked club!
You die...

.....#####...# #.#
#.# ....ยง#
##...### #.# #)#
.....# #......#
#.###.### .....#
#@.....###.......#
..##.#
#......##.####.#.#
#. #.#
#...J..##......#.#
#. ...
#......##.######.#
.. ...
#.....r##.##.....#
#....brO@.##.#####
#.....o#####.#
#......# #.#
#......# #.# .
#......# #.###
#......# #...#
#......# ###.# ##
#......# #.# .#
#......# #.#


You could see Eustachio, Blork the orc (fast), an ogre, a jelly, a quokka
(summoned), a bat (summoned) and a rat (summoned).

Vanquished Creatures
  Grinder (D:3)
  A water moccasin (D:5)
  A kobold brigand (D:4)
  A water moccasin skeleton (D:4)
  A hound (D:5)
  2 centaur skeletons
  Ijyb (D:5)
  A hound skeleton (D:4)
  A gnoll (D:4)
  4 adders
  An ufetubus (D:5)
  An adder skeleton (D:4)
  2 worms
  4 dart slugs
  4 orcs
  5 bats
  9 endoplasms
  8 giant cockroaches
  3 goblins
  3 hobgoblins
  14 jackals
  4 quokkas
  6 ball pythons
  2 frilled lizards
  10 kobolds
  8 rats
98 creatures vanquished.

Vanquished Creatures (others)
  46 foxfires (D:3)
  17 plants (D:1)
63 creatures vanquished.

Grand Total: 161 creatures vanquished

Notes
Turn   | Place    | Note
-------+----------+-------------------------------------------
     0 | D:1      | demenzo the Hill Orc Cinder Acolyte began the quest for the
                  | Orb.
     0 | D:1      | Reached XP level 1. HP: 19/19 MP: 2/2
    63 | D:1      | Reached XP level 2. HP: 24/27 MP: 3/3
   525 | D:1      | Reached skill level 5 in Axes
   545 | D:1      | Reached XP level 3. HP: 23/33 MP: 4/4
  1514 | D:2      | Reached skill level 1 in Armour
  1526 | D:2      | Reached XP level 4. HP: 40/40 MP: 5/5
  1917 | D:2      | Found a runed translucent door.
  1918 | D:2      | Noticed Crazy Yiuf
  2237 | D:3      | Found a faded altar of an unknown god.
  2478 | D:3      | Found an opulent altar of Gozag.
  2488 | D:3      | Reached skill level 6 in Axes
  2526 | D:3      | Found a shimmering altar of Xom.
  2533 | D:3      | Found a basalt altar of Yredelemnul.
  2741 | D:3      | Found a blossoming altar of Fedhas.
  2838 | D:3      | Noticed Grinder
  3165 | D:3      | Paralysed by Grinder for 7 turns
  3178 | D:3      | Killed Grinder
  3179 | D:3      | Reached skill level 5 in Fighting
  3179 | D:3      | Reached skill level 7 in Axes
  3179 | D:3      | Reached XP level 5. HP: 48/48 MP: 6/6
  3179 | D:3      | Reached XP level 6. HP: 56/56 MP: 7/7
  3406 | D:4      | Found a runed translucent gate.
  3406 | D:4      | Found a runed translucent gate.
  3406 | D:4      | Found a runed translucent gate.
  3411 | D:4      | Noticed ChongLi's ghost (amateur DrCj)
  3526 | D:4      | Reached XP level 7. HP: 61/61 MP: 8/8
  3588 | D:4      | Reached skill level 8 in Axes
  3851 | D:5      | Entered Level 5 of the Dungeon
  4091 | D:5      | Noticed Ijyb
  4099 | D:5      | Killed Ijyb
  4154 | D:5      | Noticed Eustachio
  4159 | D:5      | Noticed Blork the orc
  4194 | D:5      | Slain by an ogre

Illustrated notes

Levels and vault maps discovered:
D:1:      dpeg_arrival_shelter, layout_basic, serial_bayou, serial_bayou_pond_c,
          serial_bayou_shore_b, serial_bayou_lagoon_a, serial_bayou_shore_b
D:2:      minmay_wonky_spiral, layout_loops_ring, serial_bayou_pond_e,
          hangedman_abyss_or_decor_lesser_grid, uniq_crazy_yiuf_cottage
D:3:      layout_basic, nicolae_gozag_seed_capital,
          mainiacjoe_overflow_alcove_1, mainiacjoe_overflow_big_doors,
          hellmonk_ecumenical_altar_pennies_from_heaven, supply_closet_lemuel,
          chequers_serial_rivers_small_3, kennysheep_generic_room_12,
          uniq_grinder
D:4:      layout_gridville, gammafunk_ghost_necromancy
D:5:      layout_basic, uniq_eustachio, uniq_blork_the_orc, uniq_ijyb

Skill      XL: |  1  2  3  4  5  6  7 |
---------------+----------------------+-----
Fighting       | 4 5 6 |  6.1
Axes           | 5 7 8 |  8.7
Armour         | 1 2 3 |  3.9
Spellcasting   | |  1.0
Fire Magic     | |  3.2

Action                   |  1- 3 |  4- 6 |  7- 9 || total
-------------------------+-------+-------+-------++-------
Melee: Hand axe          |   128 |   131 |    60 ||   319
       Punch             |     2 |     1 |       ||     3
Invok: Foxfire Swarm     |       |     2 |       ||     2
       Fiery Armour      |       |     1 |     1 ||     2
Evoke: Wand              |       |       |     1 ||     1
Armor: Robe              |    24 |       |       ||    24
       Leather armour    |    20 |    24 |       ||    44
       Scale mail        |       |     4 |       ||     4
       Chain mail        |       |    20 |    40 ||    60
Dodge: Dodged            |    68 |    63 |    19 ||   150
